 Dungeon Crawl Stone Soup version 0.19.5 (webtiles) character file.

555 JeffiDaFish the Archer (level 7, -2/35 HPs)
             Began as a Spriggan Hunter on Dec 15, 2017.
             Slain by an ogre
             ... wielding a +0 giant club
              (26 damage)
             ... on level 4 of the Dungeon.
             The game lasted 00:09:18 (3557 turns).

JeffiDaFish the Archer (Spriggan Hunter)            Turns: 3557, Time: 00:09:19

Health: -2/35      AC:  4    Str:  8    XL:     7   Next: 8%
Magic:  8/8        EV: 20    Int: 13    God:
Gold:   170        SH:  0    Dex: 18    Spells: 0 memorised, 6 levels left

rFire  . . .     SeeInvis +     b - +1 short sword
rCold  . . .     Gourm    .     c - +0 robe
rNeg   . . .     Faith    .     (shield restricted)
rPois  .         Spirit   .     (helmet restricted)
rElec  .         Reflect  .     e - +1 cloak
rCorr  .         Harm     .     (gloves unavailable)
MR     +....                    (boots unavailable)
Stlth  +++.......               (no amulet)
                                (no ring)
                                (no ring)

@: very quick
A: unfitting armour, see invisible, herbivore 3, speed 3, slow metabolism 2
a: no special abilities


You were on level 4 of the Dungeon.
You were not hungry.

You visited 1 branch of the dungeon, and saw 4 of its levels.

You collected 170 gold pieces.

Inventory:

Hand Weapons
 a - a +2 shortbow
 b - a +1 short sword (weapon)
Missiles
 d - 2 arrows
Armour
 c - a +0 robe (worn)
 e - a +1 cloak (worn)
Scrolls
 i - 3 scrolls of identify
 l - 2 scrolls of recharging
Potions
 h - a potion of curing
 k - a potion of invisibility
 m - 2 potions of brilliance
Comestibles
 f - 3 bread rations
 g - 4 fruits
 n - a slice of pizza
 q - a royal jelly


   Skills:
 + Level 2.9 Fighting
 + Level 1.5 Short Blades
 + Level 8.7 Bows
 + Level 4.3 Dodging
 + Level 3.2 Stealth


You had 6 spell levels left.
You didn't know any spells.

Dungeon Overview and Level Annotations

Branches:
Dungeon (4/15)
 Temple: D:4-7

Altars:
Dithmenos

Shops:
D:4 *


Innate Abilities, Weirdness & Mutations

You are very small and have problems with some larger weapons.
You are too small for most types of armour.
You have supernaturally acute eyesight. (SInv)
You are a herbivore.
You cover ground extremely quickly.
You need consume almost no food.


Message History

Grinder blinks!
The ogre completely misses you.
You see here 2 arrows.
You barely miss Grinder.
Grinder is almost dead.
Grinder barely misses you.
You closely miss Grinder.
Grinder is almost dead.
Grinder hits you but does no damage. The ogre completely misses you.
You hit Grinder.
You kill Grinder!
Your Short Blades skill increases to level 1!
Your Stealth skill increases to level 3!
You have reached level 7!
The ogre barely misses you.
You see here 2 arrows.
d - 2 arrows The ogre hits you with a giant club!!
Ouch! That really hurt!
You die...

#. #.# ##+## . #.# ##...##
#.. #)### ##.....#.(O.
#.#.## ##......(..PP
######....####.........P∩P
.........@.(('.(......[..P
#####...O####............
#.#.## ##.......#### #.###
##.....## ###.#####
##...## ## #)......# ##+##
#. #.#.###.# #.# #. #.#..#
.# #.# #. #.##.# .#
##.######.


You could see an ogre.

Vanquished Creatures
  Grinder (D:4)
  Edmund (D:4)
  The ghost of JeffiDaFish the Shooter, an amateur SpHu (D:3)
  5 adders
  5 gnolls
  2 worms
  A dart slug (D:2)
  2 leopard geckos
  7 bats
  3 giant cockroaches
  8 goblins
  9 hobgoblins
  8 jackals (D:2)
  14 kobolds
  A ball python (D:3)
  4 frilled lizards
  11 rats
83 creatures vanquished.

Notes
Turn   | Place    | Note
-------+----------+-------------------------------------------
     0 | D:1      | JeffiDaFish the Spriggan Hunter began the quest for the Orb.
     0 | D:1      | Reached XP level 1. HP: 10/10 MP: 2/2
    62 | D:1      | Reached skill level 5 in Bows
   357 | D:1      | Reached XP level 2. HP: 14/14 MP: 3/3
   634 | D:2      | Reached XP level 3. HP: 18/18 MP: 4/4
   780 | D:2      | Reached skill level 6 in Bows
  1338 | D:2      | Reached XP level 4. HP: 22/23 MP: 5/5
  2124 | D:3      | Reached XP level 5. HP: 26/26 MP: 6/6
  2137 | D:3      | Reached skill level 7 in Bows
  2273 | D:3      | Found a shadowy altar of Dithmenos.
  2541 | D:3      | Noticed JeffiDaFish's ghost (amateur SpHu)
  2584 | D:3      | Killed JeffiDaFish's ghost
  3066 | D:4      | Noticed Edmund
  3234 | D:4      | Killed Edmund
  3234 | D:4      | Reached skill level 8 in Bows
  3234 | D:4      | Reached XP level 6. HP: 11/32 MP: 7/7
  3520 | D:4      | Found Moloar's Assorted Antiques.
  3522 | D:4      | Noticed Grinder
  3555 | D:4      | Killed Grinder
  3555 | D:4      | Reached skill level 1 in Short Blades
  3555 | D:4      | Reached XP level 7. HP: 24/35 MP: 8/8
  3557 | D:4      | Slain by an ogre

Skill      XL: |  1  2  3  4  5  6 |
---------------+-------------------+-----
Bows           | 5 6 8 |  8.7
Stealth        | 2 3 |  3.2
Fighting       | 2 |  2.9
Dodging        | 4 |  4.3
Short Blades   | 1 |  1.5

Action                   |  1- 3 |  4- 6 |  7- 9 || total
-------------------------+-------+-------+-------++-------
Melee: Short sword       |       |    55 |       ||    55
 Fire: Shortbow          |   105 |   170 |       ||   275
  Use: Potion            |     6 |     5 |       ||    11
       Scroll            |     4 |     5 |       ||     9
 Stab: Invisible         |       |     3 |       ||     3
Armor: Robe              |     3 |     8 |       ||    11
Dodge: Dodged            |    25 |    98 |     1 ||   124
